[Event "Titled Tuesday Blitz February 28 Late 2023"]
[White "Prem, Pranav"]
[Black "Tan, Zhongyi"]
[WhiteFideId "30901057"]
[BlackFideId "8603642"]
[WhiteElo "1970"]
[BlackElo "2519"]
[Result "0-1"]
[Round "11"]
[TimeControl "180+2"]
[Date "2023.02.28"]
[WhiteClock "0:00:02"]
[BlackClock "0:00:04"]

1. d4 d5 2. c4 e6 3. Nc3 Nf6 4. cxd5 exd5 5. Bg5 c6 6. Qc2 h6 7. Bh4 g6 8. Nf3 Bg7 9. e3 Bf5 10. Bd3 Bxd3 11. Qxd3 O-O 12. O-O Nbd7 13. Ne5 Re8 14. f4 Qb6 15. Qc2 Nxe5 16. fxe5 Nd7 17. Qf2 Rf8 18. Be7 h5 19. Bxf8 Rxf8 20. Rab1 Qd8 21. b4 a6 22. Na4 Qe7 23. Nc5 Nb6 24. a4 Nc4 25. b5 Bh6 26. Rfe1 axb5 27. axb5 Nxe5 28. bxc6 Ng4 29. Rxb7 Qd6 30. Qg3 Qxc6 31. h3 Nf6 32. Qe5 Re8 33. Rb8 Rxb8 34. Qxb8+ Kg7 35. Qe5 Kg8 36. Rb1 Bg7 37. Rb8+ Kh7 38. Qe7 Ne4 39. Nxe4 dxe4 40. Qxf7 Qc1+ 41. Kh2 Qxe3 42. Rb6 Qh6 43. d5 Qg5 44. Re6 Kh6 45. d6 Be5+ 46. Rxe5 Qxe5+ 47. Kh1 Qxd6 48. Qf2 Qe5 49. Qf8+ Kg5 50. Qd8+ Kf4 51. Qd2+ e3 52. Qe1 e2 53. Qh4+ Kf5 54. Qf2+ Ke6 55. Qe1 Qe3 56. Kh2 Qd3 57. g3 Qd1 0-1


[Site "https://www.chess.com"]

[Event "Titled Tuesday Blitz February 28 Late 2023"]
[White "Jimenez Almeida, Luis David"]
[Black "Fus, Jakub"]
[WhiteFideId "22242244"]
[BlackFideId "1193023"]
[WhiteElo "2245"]
[BlackElo "2335"]
[Result "1-0"]
[Round "11"]
[TimeControl "180+2"]
[Date "2023.02.28"]
[WhiteClock "0:00:33"]
[BlackClock "0:00:31"]

1. e4 c5 2. Nc3 a6 3. g3 b5 4. Bg2 Bb7 5. Nge2 g6 6. d4 cxd4 7. Nxd4 Bg7 8. O-O d6 9. Re1 Nd7 10. a4 bxa4 11. Rxa4 Nc5 12. Ra3 Nf6 13. h3 e5 14. Nb3 Qc7 15. Na5 O-O 16. b4 Ne6 17. Be3 Rfd8 18. Na4 Rd7 19. Nb6 Rad8 20. Nxd7 Rxd7 21. c4 Bxe4 22. Bxe4 Nxe4 23. Qd5 N6g5 24. Bxg5 Nxg5 25. h4 Ne6 26. Qa8+ Rd8 27. Qxa6 Nd4 28. Rd1 Rb8 29. b5 e4 30. Nc6 Nxc6 31. Qxc6 Qe7 32. Ra8 Rxa8 33. Qxa8+ Bf8 34. Re1 d5 35. Qxd5 1-0


[Site "https://www.chess.com"]

[Event "Titled Tuesday Blitz February 28 Late 2023"]
[White "Mendez Fortes, Eduardo Jesus"]
[Black "Matinian, Nikita"]
[WhiteFideId "3502376"]
[BlackFideId "24129100"]
[WhiteElo "2307"]
[BlackElo "2422"]
[Result "0-1"]
[Round "11"]
[TimeControl "180+2"]
[Date "2023.02.28"]
[WhiteClock "0:02:17"]
[BlackClock "0:01:30"]

1. e4 e5 2. Nf3 Nc6 3. Bb5 a6 4. Ba4 Bc5 5. O-O d6 6. c3 Bg4 7. h3 Bh5 8. d3 Ne7 9. Re1 f6 10. Nbd2 g5 11. Nf1 b5 12. Bb3 Qc8 13. Ng3 Bg6 14. d4 Bb6 15. Be3 h5 16. dxe5 dxe5 17. Bxb6 cxb6 18. Qd6 Rf8 19. Rad1 Ra7 20. Be6 Qc7 21. Qa3 Qb8 22. Rd6 b4 23. cxb4 Qxd6 24. Bb3 Qxb4 0-1


[Site "https://www.chess.com"]

[Event "Titled Tuesday Blitz February 28 Late 2023"]
[White "Kleinman, Michael"]
[Black "Alikhanov, Felix"]
[WhiteFideId "2609479"]
[BlackFideId "4157427"]
[WhiteElo "2287"]
[BlackElo "2425"]
[Result "1-0"]
[Round "11"]
[TimeControl "180+2"]
[Date "2023.02.28"]
[WhiteClock "0:00:09"]
[BlackClock "0:00:15"]

1. e4 e6 2. d4 d5 3. Nd2 Nf6 4. e5 Nfd7 5. Bd3 c5 6. c3 Nc6 7. Ne2 cxd4 8. cxd4 f6 9. exf6 Nxf6 10. O-O Bd6 11. Nf3 O-O 12. a3 Bd7 13. Bf4 Bxf4 14. Nxf4 Ng4 15. Nh5 e5 16. dxe5 Ngxe5 17. Be2 Be8 18. Ng3 Bg6 19. b4 a6 20. Nxe5 Nxe5 21. Qd4 Nc6 22. Qd2 Kh8 23. Rad1 d4 24. Bd3 Bxd3 25. Qxd3 Qd5 26. Rfe1 Rad8 27. Re4 Qf7 28. Rd2 Rfe8 29. h3 Rxe4 30. Nxe4 Ne5 31. Ng5 Qg6 32. Qxg6 hxg6 33. f4 Nc4 34. Nf7+ Kg8 35. Nxd8 Nxd2 36. Nxb7 Nc4 37. Nc5 Nxa3 38. Nxa6 Kf7 39. Kf2 Ke6 40. Ke2 Kd5 41. Kd3 Nc4 42. Nc7+ Kc6 43. Kxc4 Kxc7 44. Kxd4 Kb6 45. Kc4 Kc6 46. b5+ 1-0


[Site "https://www.chess.com"]

[Event "Titled Tuesday Blitz February 28 Late 2023"]
[White "Petrovic, Aleksa"]
[Black "Fiorito, Francisco"]
[WhiteFideId "967629"]
[BlackFideId "180165"]
[WhiteElo "2304"]
[BlackElo "2341"]
[Result "1/2-1/2"]
[Round "11"]
[TimeControl "180+2"]
[Date "2023.02.28"]
[WhiteClock "0:00:07"]
[BlackClock "0:00:35"]

1. d4 Nf6 2. c4 b6 3. Nf3 Bb7 4. g3 g6 5. Bg2 Bg7 6. O-O O-O 7. Nc3 Ne4 8. Qc2 Nxc3 9. Qxc3 c5 10. Rd1 d6 11. Be3 Nc6 12. Qd2 Qc7 13. Rac1 cxd4 14. Nxd4 Ne5 15. b3 Ng4 16. Bxb7 Qxb7 17. Nf3 Nxe3 18. Qxe3 Rac8 19. h4 Rc5 20. Nd4 h5 21. Qf3 Qxf3 22. Nxf3 Rfc8 23. Nd2 R5c7 24. Rb1 a6 25. a4 Bc3 26. Nf1 Rb8 27. Ne3 Bg7 28. Nd5 Rd7 29. e4 e6 30. Ne3 Kf8 31. f4 Ke7 32. Rd3 b5 33. cxb5 axb5 34. a5 Ra7 35. b4 Rc8 36. Kf2 Ra6 37. Ke2 Rc7 38. Kd2 Kd7 39. Rc1 Bb2 40. Rxc7+ Kxc7 41. Nd1 Bf6 42. Nc3 Kc6 43. Kc2 Ra8 44. Kb3 Rb8 45. e5 dxe5 46. Ne4 Bg7 47. Rd6+ Kc7 48. Ra6 exf4 49. gxf4 Bf8 50. Nc3 Rb7 51. Ra8 Bg7 52. Ne4 Bd4 53. Rf8 Kc6 54. Rc8+ Kd5 55. Nc5 Bxc5 56. Rxc5+ Ke4 57. a6 Ra7 58. Rxb5 Rxa6 59. Rb7 Kxf4 60. b5 Ra1 61. Rxf7+ Kg4 62. Rf6 e5 63. Rxg6+ Kf3 64. Rg5 e4 65. Rxh5 e3 66. Re5 e2 67. Kc4 Ra4+ 68. Kd5 Rb4 69. Rxe2 Kxe2 70. Kc6 Rxh4 71. b6 Rh6+ 72. Kc7 Rh7+ 73. Kc8 Rh8+ 74. Kc7 Rh4 75. b7 Rc4+ 76. Kd8 Rd4+ 77. Kc8 Rc4+ 78. Kd8 Rb4 79. Kc8 Rc4+ 80. Kd8 1/2-1/2


[Site "https://www.chess.com"]

[Event "Titled Tuesday Blitz February 28 Late 2023"]
[White "Martynov, Pavel"]
[Black "Womacka, Mathias"]
[WhiteFideId "4101260"]
[BlackFideId "4611390"]
[WhiteElo "2314"]
[BlackElo "2377"]
[Result "1-0"]
[Round "11"]
[TimeControl "180+2"]
[Date "2023.02.28"]
[WhiteClock "0:00:14"]
[BlackClock "0:00:09"]

1. e4 c5 2. Nf3 d6 3. Bb5+ Nd7 4. O-O a6 5. Bxd7+ Bxd7 6. c3 Nf6 7. Re1 g6 8. d4 Bg7 9. e5 dxe5 10. dxe5 Ng4 11. h3 Nh6 12. Bf4 Bc6 13. Qe2 O-O 14. Nbd2 Qd5 15. Nc4 Bb5 16. b3 Rad8 17. a4 Bxc4 18. bxc4 Qd3 19. Rab1 Qxc3 20. Rxb7 e6 21. Bg5 Rb8 22. Rxb8 Rxb8 23. g4 Rb2 24. Qe4 Kh8 25. Qa8+ Ng8 26. Be3 Bxe5 27. Qe8 Rb7 28. Rd1 Bf6 29. g5 Be7 30. Kg2 Qxc4 31. Rc1 Qe4 32. Bd4+ cxd4 33. Rc8 1-0


[Site "https://www.chess.com"]

[Event "Titled Tuesday Blitz February 28 Late 2023"]
[White "Plotkin, Victor"]
[Black "Skvortsov, Andrei"]
[WhiteFideId "2606674"]
[BlackFideId "24108600"]
[WhiteElo "2214"]
[BlackElo "2259"]
[Result "0-1"]
[Round "11"]
[TimeControl "180+2"]
[Date "2023.02.28"]
[WhiteClock "0:00:49"]
[BlackClock "0:01:45"]

1. e4 c5 2. c3 d5 3. exd5 Qxd5 4. d4 Nf6 5. Nf3 Bg4 6. Be2 Nc6 7. O-O cxd4 8. cxd4 e6 9. Nc3 Qa5 10. Be3 Rd8 11. h3 Bh5 12. Rc1 Be7 13. Qb3 Qb4 14. Qxb4 Bxb4 15. g4 Bg6 16. Rfd1 Ne4 17. Nxe4 Bxe4 18. Ne5 f6 19. Nxc6 Bxc6 20. a3 Be7 21. d5 Rxd5 22. Rxd5 exd5 23. Bxa7 Kf7 24. Bc5 Rd8 25. Bxe7 Kxe7 26. Bf3 Kd6 27. Kf1 d4 28. Bxc6 bxc6 29. Ke2 Rb8 30. Rc2 Rb3 31. f3 d3+ 0-1


[Site "https://www.chess.com"]

[Event "Titled Tuesday Blitz February 28 Late 2023"]
[White "Gunduz, Umut Erdem"]
[Black "Ansh M Shah"]
[WhiteFideId "6381383"]
[BlackFideId "25033379"]
[WhiteElo "2182"]
[BlackElo "2084"]
[Result "1-0"]
[Round "11"]
[TimeControl "180+2"]
[Date "2023.02.28"]
[WhiteClock "0:00:14"]
[BlackClock "0:00:07"]

1. e4 c6 2. d4 d5 3. Nd2 dxe4 4. Nxe4 Bf5 5. Ng3 Bg6 6. h4 h6 7. Nf3 Nd7 8. h5 Bh7 9. Bd3 Bxd3 10. Qxd3 e6 11. Bd2 Ngf6 12. O-O-O Be7 13. Qe2 O-O 14. Nf1 Qb6 15. g4 c5 16. g5 hxg5 17. h6 g6 18. Bxg5 cxd4 19. Rxd4 Rfd8 20. h7+ Kh8 21. Rxd7 Rxd7 22. Ne5 Bd8 23. Qf3 Nh5 24. Rxh5 gxh5 25. Bf6+ Bxf6 26. Qxf6+ Kxh7 27. Nxd7 Qa5 28. Qxf7+ Kh8 29. Qf6+ Kh7 30. Nd2 Rg8 31. Nf8+ Rxf8 32. Qxf8 Qg5 33. Qf7+ Kh8 34. Qe8+ Kh7 35. Qd7+ Kh8 36. Qc8+ Kh7 37. Qxb7+ Kh6 38. Qh1 h4 39. Kd1 e5 40. Nf3 Qg4 41. Qxh4+ Qxh4 42. Nxh4 Kg5 43. Nf3+ Kf4 44. Nxe5 Kxe5 45. Ke2 a5 46. Ke3 a4 47. b4 axb3 48. cxb3 1-0


[Site "https://www.chess.com"]

[Event "Titled Tuesday Blitz February 28 Late 2023"]
[White "Nilsen, Tobias Lang"]
[Black "Bilych, Olexiy"]
[WhiteFideId "1521624"]
[BlackFideId "14156504"]
[WhiteElo "2195"]
[BlackElo "2320"]
[Result "0-1"]
[Round "11"]
[TimeControl "180+2"]
[Date "2023.02.28"]
[WhiteClock "0:00:25"]
[BlackClock "0:01:12"]

1. e4 g6 2. d4 Bg7 3. Bf4 d6 4. Nc3 Nc6 5. d5 Nd4 6. Nge2 c5 7. Nxd4 cxd4 8. Bb5+ Bd7 9. Bxd7+ Qxd7 10. Ne2 Qb5 11. O-O Qb6 12. Qd3 Nf6 13. a4 Nd7 14. a5 Qc5 15. b4 Qxb4 16. Rfb1 Qc5 17. Rxb7 Rc8 18. Rab1 Qxc2 19. Qb5 O-O 20. Qxd7 Qxe2 21. Qxe7 d3 22. h4 d2 23. Bxd2 Qxd2 24. Qxd6 Bd4 25. Rf1 Rc1 26. Rxc1 Qxc1+ 27. Kh2 Bxf2 28. Rb8 Qg1+ 29. Kh3 Qh1+ 30. Kg4 Qxg2+ 31. Kf4 Qg3# 0-1


[Site "https://www.chess.com"]

[Event "Titled Tuesday Blitz February 28 Late 2023"]
[White "Papasimakopoulos, Alexandros"]
[Black "Karamsetty, Jeevan"]
[WhiteFideId "4244125"]
[BlackFideId "2025337"]
[WhiteElo "2359"]
[BlackElo "2111"]
[Result "1/2-1/2"]
[Round "11"]
[TimeControl "180+2"]
[Date "2023.02.28"]
[WhiteClock "0:00:05"]
[BlackClock "0:00:11"]

1. c4 Nf6 2. Nf3 e6 3. g3 d5 4. Bg2 Be7 5. O-O O-O 6. b3 c5 7. cxd5 exd5 8. d4 b6 9. Bb2 Bb7 10. Nc3 Nc6 11. Rc1 Rc8 12. Bh3 Rb8 13. dxc5 Bxc5 14. Na4 Be7 15. Nd4 Nxd4 16. Qxd4 Bc8 17. Bg2 Be6 18. Nc3 Bc5 19. Qh4 Be7 20. Qa4 a5 21. Rfd1 Bb4 22. a3 Bd7 23. Nb5 Qe8 24. axb4 Bxb5 25. Qa3 Qxe2 26. Bxf6 gxf6 27. Bf1 Qe8 28. bxa5 bxa5 29. Rxd5 Bc6 30. Rd6 Ba8 31. Qa4 Qe5 32. Rcd1 Rb4 33. Qa2 Qe4 34. f3 Qxf3 35. Bg2 Qe3+ 36. Qf2 Qxf2+ 37. Kxf2 Rxb3 38. R1d2 Kg7 39. Ra6 Bxg2 40. Kxg2 Ra3 41. Rf2 Rb8 42. Raxf6 Rb7 43. Ra6 Ra1 44. h4 a4 45. h5 h6 46. Kh3 a3 47. Ra4 Rh1+ 48. Kg4 Rb5 49. Ra7 Rg5+ 50. Kf3 Rhxh5 51. Rxa3 Rf5+ 52. Kg2 Rxf2+ 53. Kxf2 Rg5 54. Kf3 Kg6 55. Kf4 Rf5+ 56. Kg4 Rg5+ 57. Kh4 f6 58. Ra8 Rh5+ 59. Kg4 Rg5+ 60. Kh4 Rd5 61. Rg8+ Kf5 62. g4+ Kf4 63. Rg6 f5 64. Rf6 Ke4 65. Re6+ Kf4 66. Rf6 Ke4 67. Rxh6 fxg4 68. Kxg4 Kd4 69. Kf4 Kc5 70. Ke4 Rd4+ 71. Ke3 Rd5 72. Rh4 Rd6 73. Ra4 Kc6 74. Ke4 Kd7 75. Ke5 Re6+ 76. Kf5 Rc6 77. Rd4+ Kc7 78. Ke5 Kb7 79. Rb4+ Rb6 80. Ra4 Rb5+ 81. Kd6 Kb6 82. Ra3 Rb1 83. Rd3 Rb4 84. Rd1 Kb5 85. Kd5 Rb3 86. Rc1 Rb4 87. Rc8 Ka4 88. Kc5 Kb3 89. Kd5 Rb5+ 90. Rc5 Rxc5+ 91. Kxc5 1/2-1/2


[Site "https://www.chess.com"]

[Event "Titled Tuesday Blitz February 28 Late 2023"]
[White "Vlassov, Nikolai"]
[Black "Florescu, Codrut-Constantin"]
[WhiteFideId "4103360"]
[BlackFideId "1202200"]
[WhiteElo "2324"]
[BlackElo "2191"]
[Result "0-1"]
[Round "11"]
[TimeControl "180+2"]
[Date "2023.02.28"]
[WhiteClock "0:00:01"]
[BlackClock "0:00:33"]

1. e4 c5 2. c3 Nf6 3. e5 Nd5 4. d4 cxd4 5. cxd4 e6 6. Nc3 Nc6 7. f4 d6 8. Nf3 Be7 9. Bd3 Bd7 10. O-O Qb6 11. Nxd5 exd5 12. Be3 O-O 13. Qe2 Rae8 14. a3 Bg4 15. Rad1 dxe5 16. fxe5 f5 17. b4 a6 18. Bb1 g6 19. Ba2 Rd8 20. h3 Bh5 21. Kh2 f4 22. Bg1 g5 23. Qb2 Bg6 24. Bb3 Be4 25. Nd2 Bg6 26. Qa2 Bf7 27. Rfe1 Be6 28. Nf3 h5 29. Qc2 Bf5 30. Qa2 g4 31. Bxd5+ Kg7 32. Nd2 Bh4 33. Re2 Bg3+ 34. Kh1 f3 35. gxf3 gxh3 36. Be4 Ne7 37. d5 Qb5 38. Nb3 Qc4 39. Nd4 Qxa2 40. Nxf5+ Nxf5 41. Rxa2 Bxe5 42. Bh2 Ng3+ 43. Bxg3 Bxg3 44. d6 Rxd6 45. Rxd6 Bxd6 46. Bxb7 h2 47. Bxa6 Re8 48. Re2 Rf8 49. Rf2 Rf4 50. Bd3 Rd4 51. Bf1 Rd1 52. Kg2 h4 0-1


[Site "https://www.chess.com"]

[Event "Titled Tuesday Blitz February 28 Late 2023"]
[White "reevecanada"]
[Black "Blomqvist, Erik"]
[BlackFideId "1709437"]
[WhiteElo "2489"]
[BlackElo "2436"]
[Result "1-0"]
[Round "11"]
[TimeControl "180+2"]
[Date "2023.02.28"]
[WhiteClock "0:00:02"]
[BlackClock "0:00:02"]

1. e4 c5 2. Nf3 d6 3. d4 cxd4 4. Qxd4 Nc6 5. Qe3 Nf6 6. c4 g6 7. h3 Bg7 8. Nc3 O-O 9. Be2 Nd7 10. O-O Nc5 11. Rb1 a5 12. b3 Bxc3 13. Qxc3 Nxe4 14. Qa1 e5 15. Bd3 Nc5 16. Bc2 Nb4 17. Ne1 Nxc2 18. Nxc2 Bf5 19. Qc3 Qh4 20. Ra1 Rfc8 21. Ne3 Be6 22. f4 exf4 23. Bb2 f6 24. Ng4 Bxg4 25. Rxf4 Rf8 26. Rxg4 Qh5 27. Rf1 Qe5 28. Qd2 Ne4 29. Qe2 Qc5+ 30. Kh2 f5 31. Rgf4 Rae8 32. Qd3 d5 33. cxd5 Rd8 34. Rd1 Rd7 35. Rxe4 fxe4 36. Qxe4 Qd6+ 37. Kh1 Rdf7 38. Qe2 Rf2 39. Qe5 Qxe5 40. Bxe5 Rf1+ 41. Rxf1 Rxf1+ 42. Kh2 Rd1 43. d6 Kf7 44. Bc3 b6 45. Be5 Ke6 46. Bf4 g5 47. Bxg5 Kxd6 48. Kg3 Ra1 49. Bf4+ Ke6 50. Bc7 Rxa2 51. Bxb6 Ra3 52. Kh4 1-0


[Site "https://www.chess.com"]

[Event "Titled Tuesday Blitz February 28 Late 2023"]
[White "Ramirez Allo, Eduardo"]
[Black "Klose, Eli"]
[WhiteFideId "2224178"]
[BlackFideId "16242955"]
[WhiteElo "2475"]
[BlackElo "2588"]
[Result "1/2-1/2"]
[Round "11"]
[TimeControl "180+2"]
[Date "2023.02.28"]
[WhiteClock "0:00:05"]
[BlackClock "0:00:23"]

1. d4 Nf6 2. Nf3 c5 3. c4 cxd4 4. Nxd4 Nc6 5. g3 d6 6. Bg2 Bd7 7. O-O g6 8. b3 Bg7 9. Bb2 O-O 10. Nc3 Nxd4 11. Qxd4 Bc6 12. Nd5 Bxd5 13. Bxd5 Qc7 14. Rac1 Nh5 15. Qd2 Bxb2 16. Qxb2 Nf6 17. Bf3 Rab8 18. e3 Rfc8 19. h4 b6 20. Kg2 h5 21. Rfd1 Qc5 22. a3 a5 23. b4 Qf5 24. Qd4 Qe6 25. Rc3 Rc7 26. Rdc1 axb4 27. axb4 Nd7 28. Bd5 Qe5 29. Qd3 Qf6 30. f4 Rbc8 31. R3c2 Kg7 32. Bf3 e6 33. Qxd6 e5 34. Qxf6+ Kxf6 35. Kf2 Ke7 36. Bg2 Ra7 37. c5 bxc5 38. bxc5 exf4 39. gxf4 Nf6 40. Bf3 Rac7 41. c6 Ng4+ 42. Bxg4 hxg4 43. e4 f5 44. e5 Ra8 45. Rd2 Ra4 46. Kg3 Ra3+ 47. Kg2 Ra4 48. Rd6 Rxf4 49. Rxg6 Kf7 50. Rf6+ Ke7 51. Rh6 Rd4 52. Rh7+ Kd8 53. Rxc7 Kxc7 54. Kg3 Re4 55. h5 Rxe5 56. h6 Re3+ 57. Kf4 Rh3 58. Kxf5 g3 59. Kg4 Rxh6 60. Kxg3 Rg6+ 61. Kf4 Rf6+ 62. Ke5 Rxc6 63. Rxc6+ Kxc6 1/2-1/2


[Site "https://www.chess.com"]

[Event "Titled Tuesday Blitz February 28 Late 2023"]
[White "Rodrigues, Tiago Pereira"]
[Black "Mortazavi, Ali"]
[WhiteFideId "2101203"]
[BlackFideId "401323"]
[WhiteElo "2168"]
[BlackElo "2339"]
[Result "1-0"]
[Round "11"]
[TimeControl "180+2"]
[Date "2023.02.28"]
[WhiteClock "0:00:27"]
[BlackClock "0:00:11"]

1. d4 Nf6 2. Bf4 g6 3. e3 Bg7 4. Be2 O-O 5. h4 h5 6. g4 hxg4 7. Bxg4 d6 8. Bf3 c5 9. Nc3 cxd4 10. exd4 Qa5 11. Ne2 Nc6 12. Bd2 Bg4 13. Nd5 Bxf3 14. Nxf6+ Bxf6 15. Bxa5 Bxh1 16. Bc3 Be4 17. Ng3 Bd5 18. Qg4 b5 19. h5 b4 20. hxg6 bxc3 21. gxf7+ Kxf7 22. Qh5+ Kg7 23. Nf5+ Kg8 24. Qg6+ Kh8 25. Qh5+ Kg8 26. Nh6+ Kg7 27. Qxd5 cxb2 28. Nf5+ Kg6 29. Rb1 Nb4 30. Qe4 d5 31. Qg4+ Kf7 32. Rxb2 a5 33. c3 Nd3+ 34. Ke2 Nxb2 35. Qh5+ Ke6 36. Ne3 Rg8 37. Qxd5# 1-0


[Site "https://www.chess.com"]

[Event "Titled Tuesday Blitz February 28 Late 2023"]
[White "Karttunen, Mika"]
[Black "Rottenwohrer Suarez, Juan"]
[WhiteFideId "502081"]
[BlackFideId "32068182"]
[WhiteElo "2396"]
[BlackElo "2174"]
[Result "0-1"]
[Round "11"]
[TimeControl "180+2"]
[Date "2023.02.28"]
[WhiteClock "0:00:14"]
[BlackClock "0:00:22"]

1. c4 Nf6 2. Nc3 g6 3. Nf3 Bg7 4. g3 O-O 5. Bg2 b6 6. Ne5 c6 7. d4 Bb7 8. O-O d6 9. Nd3 d5 10. c5 Nbd7 11. Na4 Ne4 12. f3 Nef6 13. Bd2 Re8 14. f4 Ne4 15. e3 Ba6 16. Bb4 bxc5 17. dxc5 Rb8 18. a3 Bb5 19. Re1 a5 20. Bc3 Bxa4 21. Qxa4 Ndxc5 22. Nxc5 Nxc5 23. Qxa5 Qxa5 24. Bxa5 Nb3 25. Bc3 Bxc3 26. bxc3 Nxa1 27. Rxa1 Ra8 28. c4 e6 29. e4 dxc4 30. e5 Ra6 31. Bf1 Rea8 32. Rc1 Rxa3 33. Rxc4 Rc8 34. Kf2 Ra2+ 35. Be2 c5 36. g4 h6 37. h4 Kf8 38. h5 gxh5 39. gxh5 Ke7 40. Ke3 Ra5 41. Bf3 Rb8 42. Kf2 Rb4 43. Rc3 Rxf4 44. Kg3 Rb4 45. Bc6 c4 46. Kf4 Rc5 47. Be4 Rb3 48. Rc2 c3 49. Ra2 Rc7 50. Rg2 Rb2 51. Bc2 Rd7 52. Ke3 Rd2 53. Rxd2 cxd2 54. Kxd2 Rb5 55. Ke3 Rxe5+ 56. Kf4 Rxh5 57. Be4 Ra5 58. Bf3 Kf6 0-1


[Site "https://www.chess.com"]

[Event "Titled Tuesday Blitz February 28 Late 2023"]
[White "Rego, Pedro Filipe"]
[Black "Paszewski, Mateusz"]
[WhiteFideId "1904310"]
[BlackFideId "1141058"]
[WhiteElo "2193"]
[BlackElo "2223"]
[Result "0-1"]
[Round "11"]
[TimeControl "180+2"]
[Date "2023.02.28"]
[WhiteClock "0:00:06"]
[BlackClock "0:00:07"]

1. c4 e6 2. Nf3 d5 3. b3 Nf6 4. Bb2 c5 5. e3 Nc6 6. cxd5 exd5 7. d4 cxd4 8. Nxd4 Bb4+ 9. Bc3 Bd6 10. Bb5 Bd7 11. Nd2 O-O 12. Bb2 Rc8 13. Be2 Bb8 14. Rc1 Re8 15. a3 Qe7 16. b4 Ne4 17. Nxe4 dxe4 18. b5 Ne5 19. Rxc8 Rxc8 20. O-O Qg5 21. Kh1 Bg4 22. h3 Bxe2 23. Qxe2 Nd3 24. f4 Qd5 25. Ba1 Qd7 26. Rd1 Bd6 27. a4 Bc5 28. Nb3 Bb6 29. Kh2 Qe6 30. Nd4 Qd7 31. Rd2 Bd8 32. Rc2 Bf6 33. Qd2 h5 34. Rc3 Rxc3 35. Bxc3 Kh7 36. Qe2 h4 37. Qh5+ Kg8 38. Qc5 b6 39. Qc4 Qd6 40. Nc6 Bxc3 41. Qxc3 Nxf4 42. exf4 Qxf4+ 43. Kh1 e3 44. Qd3 Qf2 45. Nd4 Qe1+ 46. Kh2 Qg3+ 47. Kg1 Qe1+ 48. Qf1 Qg3 49. Ne2 Qe5 50. Qf3 Qa1+ 51. Kh2 Qxa4 52. Qxe3 Qxb5 53. Qf4 g5 54. Qf3 Kg7 55. Kg1 Qe5 56. Qf2 b5 57. Qf3 b4 58. Qd3 a5 59. Kh1 a4 60. Nd4 a3 61. Nf5+ Kf6 62. Ne3 a2 63. Nd5+ Kg7 64. Nxb4 a1=Q+ 0-1


[Site "https://www.chess.com"]

[Event "Titled Tuesday Blitz February 28 Late 2023"]
[White "Haszon, David"]
[Black "Yurovskykh, Oleksandr"]
[WhiteFideId "733610"]
[BlackFideId "14134020"]
[WhiteElo "2210"]
[BlackElo "2268"]
[Result "1-0"]
[Round "11"]
[TimeControl "180+2"]
[Date "2023.02.28"]
[WhiteClock "0:00:07"]
[BlackClock "0:00:01"]

1. d4 d5 2. Bf4 c5 3. e3 Nc6 4. Nf3 Bg4 5. c3 e6 6. Nbd2 Qb6 7. Qb3 c4 8. Qxb6 axb6 9. a3 b5 10. Rc1 Nf6 11. h3 Bf5 12. g4 Bg6 13. Bg2 h6 14. O-O Bd3 15. Rfe1 g5 16. Bg3 Bg7 17. Ne5 Ne4 18. Nxe4 Bxe4 19. f4 Bxg2 20. Kxg2 Bxe5 21. fxe5 Ke7 22. e4 dxe4 23. Rxe4 Na5 24. Rf1 Nb3 25. Re2 h5 26. Ref2 Raf8 27. h4 hxg4 28. hxg5 Rhg8 29. Bh4 Rg6 30. Kg3 Ke8 31. Kxg4 Na5 32. d5 exd5 33. Rd1 Nc6 34. Rxd5 Re6 35. Rf5 Ne7 36. Rxb5 Nxf5 37. Kxf5 b6 38. Rd5 Rh8 39. Kg4 Rg6 40. Rd4 Rc6 41. Kf5 Rg8 42. Ke4 Rgg6 43. Kd5 Rc5+ 44. Ke4 Re6 45. Bg3 Re7 46. Bf4 Rd7 47. Be3 Rxd4+ 48. Kxd4 Rc6 49. Kd5 Kd7 50. Bd4 Kc7 51. a4 Rg6 52. Be3 Rc6 53. Bd4 Kb7 54. Be3 Rc8 55. Ke4 Kc6 56. Kf5 1-0


[Site "https://www.chess.com"]

[Event "Titled Tuesday Blitz February 28 Late 2023"]
[White "Janaszak, Dawid"]
[Black "Bulgurlu, Okan"]
[WhiteFideId "1119206"]
[BlackFideId "6352316"]
[WhiteElo "2220"]
[BlackElo "2363"]
[Result "1-0"]
[Round "11"]
[TimeControl "180+2"]
[Date "2023.02.28"]
[WhiteClock "0:00:18"]
[BlackClock "0:00:03"]

1. e4 c5 2. b4 e5 3. Bb2 Qc7 4. Nf3 d6 5. bxc5 Qxc5 6. Nc3 Be6 7. Bb5+ Nd7 8. O-O Nf6 9. d4 exd4 10. Nxd4 Be7 11. Nxe6 fxe6 12. e5 dxe5 13. a4 Qc7 14. Qf3 O-O 15. Qh3 Nc5 16. Ba3 a6 17. Bc4 Rae8 18. Rab1 Kh8 19. Bb2 Nce4 20. Nxe4 Nxe4 21. Bd3 Ng5 22. Qh5 e4 23. Be2 Qc5 24. h4 Nf3+ 25. Bxf3 exf3 26. Qg4 Bf6 27. g3 Qxc2 28. Bxf6 Rxf6 29. Rxb7 Rg6 30. Qf4 e5 31. Qxe5 Rf8 32. a5 1-0


[Site "https://www.chess.com"]

[Event "Titled Tuesday Blitz February 28 Late 2023"]
[White "Maximov, Dmitry"]
[Black "Bouget, Alexandre"]
[WhiteFideId "14105659"]
[BlackFideId "681318"]
[WhiteElo "2494"]
[BlackElo "2177"]
[Result "1-0"]
[Round "11"]
[TimeControl "180+2"]
[Date "2023.02.28"]
[WhiteClock "0:02:26"]
[BlackClock "0:00:51"]

1. e4 d5 2. exd5 Qxd5 3. Nc3 Qe6+ 4. Nge2 Nc6 5. d4 Qg4 6. h3 Qh5 7. d5 Ne5 8. Bf4 e6 9. Qd4 Ng6 10. Ng3 Qh4 11. Bb5+ Bd7 12. Bxd7+ Kxd7 13. dxe6+ Kxe6 14. Qd5+ Kf6 15. Nce4+ Ke7 16. Nf5+ 1-0


[Site "https://www.chess.com"]

[Event "Titled Tuesday Blitz February 28 Late 2023"]
[White "Oro, Faustino"]
[Black "Petukhov, Dmitry"]
[WhiteFideId "20000197"]
[BlackFideId "4142748"]
[WhiteElo "1984"]
[BlackElo "2311"]
[Result "0-1"]
[Round "11"]
[TimeControl "180+2"]
[Date "2023.02.28"]
[WhiteClock "0:00:02"]
[BlackClock "0:00:19"]

1. e4 c5 2. Nf3 d6 3. d4 cxd4 4. Nxd4 Nf6 5. Nc3 Nc6 6. f3 e5 7. Nb3 Be6 8. Be3 d5 9. exd5 Nxd5 10. Nxd5 Qxd5 11. Qxd5 Bxd5 12. Bb5 a6 13. Be2 O-O-O 14. O-O-O Be7 15. Bb6 Rd7 16. Bd3 Be6 17. Kb1 Nb4 18. Nc1 Nd5 19. Bf2 Rhd8 20. Rhe1 f6 21. g3 Bb4 22. Re2 g6 23. Nb3 Nc7 24. Be1 Bf8 25. Ba5 Rd5 26. Red2 Bh6 27. Re2 Bf5 28. Bxc7 Kxc7 29. Nc1 Kb8 30. Rde1 Bxc1 31. Bxf5 Rd1 32. Rxd1 Rxd1 33. a3 gxf5 0-1


[Site "https://www.chess.com"]

[Event "Titled Tuesday Blitz February 28 Late 2023"]
[White "Diaz Perez, Michel Alejandro"]
[Black "Drnovsek, Gal"]
[WhiteFideId "3517179"]
[BlackFideId "14607077"]
[WhiteElo "2333"]
[BlackElo "2293"]
[Result "1-0"]
[Round "11"]
[TimeControl "180+2"]
[Date "2023.02.28"]
[WhiteClock "0:00:49"]
[BlackClock "0:00:19"]

1. Nf3 g6 2. c4 Bg7 3. Nc3 c5 4. e4 Nc6 5. d3 Rb8 6. Be3 d6 7. Qd2 a6 8. h4 Nf6 9. Bh6 Kf8 10. Be2 b5 11. Nd5 Ng4 12. Bxg7+ Kxg7 13. h5 h6 14. hxg6 fxg6 15. Qc3+ Nge5 16. Nxe5 dxe5 17. cxb5 Rxb5 18. a4 Ra5 19. O-O Nd4 20. Bd1 Be6 21. Ne3 Qb6 22. f4 exf4 23. Rxf4 Rb8 24. Rb1 Qb4 25. Qc1 Bb3 26. Rf2 Rxa4 27. Bxb3 Qxb3 28. Nd5 Qxd3 29. Qf4 Ne2+ 30. Rxe2 Qxb1+ 31. Kh2 Rf8 32. Qe5+ Kg8 33. Nxe7+ Kh7 34. Qe6 Qf1 35. Qxg6+ Kh8 36. Qxh6# 1-0


[Site "https://www.chess.com"]